| TOP OF THE 1ST |
|
New York Mets batting - Pitching for San Diego Padres : LHP Matt Wheeler
|
|
Pitching: LHP Matt Wheeler
|
|
|
Batting: LHB Kevin Bellman
|
0-0: Foul Ball, location: 2F 0-1: Foul Ball, location: 2F 0-2: Ball 1-2: Ball 2-2: Foul Ball, location: 2F 2-2: Ball 3-2: Foul Ball, location: 2F 3-2: Base on Balls
|
|
Batting: RHB Antonio Aranda
|
0-0: Called Strike 0-1: Ball 1-1: Ball 2-1: Sac Bunt to 13S - play at first, batter OUT! 1-3 Kevin Bellman to second
|
|
Batting: SHB Sean Cook
|
0-0: Foul Ball, location: 2LF, Error on foul ball, E2 0-1: Ball 1-1: Foul Ball, location: 2F 1-2: Ball 2-2: Strikes out swinging
|
|
Batting: RHB Jeff Jank
|
0-0: Ball 1-0: Fly out, F9 (Flyball, 89M, EV 81.2 MPH)
|
| Top of the 1st over - 0 runs, 0 hits, 1 error, 1 left on base; New York 0 - San Diego 0 |
| BOTTOM OF THE 1ST |
|
San Diego Padres batting - Pitching for New York Mets : RHP Apostolos Tsatsos
|
|
Pitching: RHP Apostolos Tsatsos
|
|
|
Batting: RHB Hildo Pot
|
0-0: Called Strike 0-1: Ball 1-1: TRIPLE (Line Drive, 78XD, EV 105.6 MPH)
|
|
Batting: SHB Phil Zacharia
|
0-0: Swinging Strike 0-1: SINGLE (Flyball, 78M, EV 96.9 MPH) Hildo Pot scores
|
|
Batting: SHB Terry Tuckfard
|
0-0: Called Strike 0-1: Ball 1-1: Ball 2-1: Ball 3-1: Base on Balls Phil Zacharia to second
|
|
Batting: RHB Hugo Bautista
|
0-0: Ball 1-0: Ground out 6-3 (Groundball, 6S, EV 66.9 MPH) Phil Zacharia to third Terry Tuckfard to second
|
|
Batting: RHB C.J. Beavers
|
0-0: Ball 1-0: Foul Ball, location: 2F 1-1: Called Strike 1-2: Ball 2-2: Ground out 4-3 (Groundball, 4, EV 100.6 MPH) Phil Zacharia scores Terry Tuckfard to third
|
|
Batting: LHB James McCauley
|
0-0: Called Strike 0-1: Ball 1-1: Foul Ball, location: 2F 1-2: Foul Ball, location: 2F 1-2: Foul Ball, location: 2F 1-2: Foul Ball, location: 2F 1-2: Ball 2-2: Foul Ball, location: 2F 2-2: Ball 3-2: Base on Balls
|
|
Batting: RHB Luis Romero
|
0-0: Ball 1-0: SINGLE (Line Drive, 34, EV 102.5 MPH) Terry Tuckfard scores James McCauley to second
|
|
Batting: RHB Jared Speck
|
0-0: Called Strike 0-1: Called Strike 0-2: Strikes out swinging
|
| Bottom of the 1st over - 3 runs, 3 hits, 0 errors, 2 left on base; New York 0 - San Diego 3 |
| TOP OF THE 2ND |
|
New York Mets batting - Pitching for San Diego Padres : LHP Matt Wheeler
|
|
Batting: RHB Drtian Thaqi
|
0-0: Ball 1-0: Ground out 4-3 (Groundball, 4, EV 81.9 MPH)
|
|
Batting: SHB Jason Larson
|
0-0: Called Strike 0-1: Ball 1-1: Foul Ball, location: 2F 1-2: Ball 2-2: Ball 3-2: Foul Ball, location: 2F 3-2: Fly out, F8 (Flyball, 8LM, EV 89.4 MPH)
|
|
Batting: RHB Josh Jones
|
0-0: Called Strike 0-1: Ball 1-1: Foul Ball, location: 2F 1-2: Ball 2-2: SINGLE (Groundball, 56D, EV 107.5 MPH)
|
|
Batting: SHB Billy Encinias
|
0-0: Ball 1-0: Called Strike 1-1: Swinging Strike Pickoff Throw by Catcher to First - Error! E2 Josh Jones to second 1-2: Strikes out swinging
|
| Top of the 2nd over - 0 runs, 1 hit, 1 error, 1 left on base; New York 0 - San Diego 3 |
| BOTTOM OF THE 2ND |
|
San Diego Padres batting - Pitching for New York Mets : RHP Apostolos Tsatsos
|
|
Batting: RHB Travis Robinson
|
0-0: Foul Ball, location: 2F 0-1: Ball 1-1: SOLO HOME RUN (Flyball, 78XD, EV 105.0 MPH), Distance : 415 ft
|
|
Batting: RHB Hildo Pot
|
0-0: Ball 1-0: Foul Ball, location: 2F 1-1: Foul Ball, location: 2F 1-2: Strikes out swinging
|
|
Batting: SHB Phil Zacharia
|
0-0: Ball 1-0: Foul Ball, location: 2F 1-1: Ground out 4-3 (Groundball, 4, EV 101.2 MPH)
|
|
Batting: SHB Terry Tuckfard
|
0-0: Ball 1-0: Ball 2-0: Ball 3-0: Base on Balls
|
|
Batting: RHB Hugo Bautista
|
0-0: 2-RUN HOME RUN (Flyball, 9LD, EV 90.6 MPH), Distance : 329 ft
|
|
Batting: RHB C.J. Beavers
|
0-0: Ground out 6-3 (Groundball, 6, EV 95.0 MPH)
|
| Bottom of the 2nd over - 3 runs, 2 hits, 0 errors, 0 left on base; New York 0 - San Diego 6 |
| TOP OF THE 3RD |
|
New York Mets batting - Pitching for San Diego Padres : LHP Matt Wheeler
|
|
Batting: RHB Finn Ross
|
0-0: Foul Ball, location: 2F 0-1: Foul Ball, location: 2F 0-2: Ball 1-2: Ball 2-2: Fly out, F9 (Flyball, 9, EV 80.0 MPH)
|
|
Batting: LHB Kevin Bellman
|
0-0: Ground out 1-3 (Groundball, 34S, EV 66.2 MPH)
|
|
Batting: RHB Antonio Aranda
|
0-0: Called Strike 0-1: Ground out 5-3 (Groundball, 25, EV 90.6 MPH)
|
| Top of the 3rd over - 0 runs, 0 hits, 0 errors, 0 left on base; New York 0 - San Diego 6 |
| BOTTOM OF THE 3RD |
|
San Diego Padres batting - Pitching for New York Mets : RHP Apostolos Tsatsos
|
|
Batting: LHB James McCauley
|
0-0: Ball 1-0: SINGLE (Line Drive, 56D, EV 93.8 MPH)
|
|
Pitching: RHP Ben Dicks
|
|
|
Batting: RHB Luis Romero
|
0-0: Called Strike 0-1: Foul Ball, location: 2F 0-2: Ball 1-2: Ball 2-2: Ball 3-2: Foul Ball, location: 2F 3-2: Foul Ball, location: 2F 3-2: SINGLE (Flyball, 8RS, EV 86.9 MPH) James McCauley to second
|
|
Batting: RHB Jared Speck
|
0-0: Called Strike 0-1: Ball 1-1: Ball 2-1: Foul Ball, location: 2F 2-2: Foul Ball, location: 2F 2-2: Strikes out swinging
|
|
Batting: RHB Travis Robinson
|
0-0: Swinging Strike 0-1: Ball 1-1: Called Strike 1-2: Strikes out looking
|
|
Batting: RHB Hildo Pot
|
0-0: Ball 1-0: Ball 2-0: Foul Ball, location: 2F 2-1: Foul Ball, location: 2F 2-2: Foul Ball, location: 2F 2-2: Foul Ball, location: 2F 2-2: SINGLE (Flyball, 8LS, EV 86.2 MPH) James McCauley to third Luis Romero to second Runner from 3rd tries for Home, SAFE, throw by LF to home
|
|
Batting: SHB Phil Zacharia
|
0-0: Foul Ball, location: 2F 0-1: Ball 1-1: Swinging Strike 1-2: Strikes out swinging
|
| Bottom of the 3rd over - 1 run, 3 hits, 0 errors, 2 left on base; New York 0 - San Diego 7 |
| TOP OF THE 4TH |
|
New York Mets batting - Pitching for San Diego Padres : LHP Matt Wheeler
|
|
Batting: SHB Sean Cook
|
0-0: Ball 1-0: Foul Ball, location: 2F 1-1: Fly out, F8 (Line Drive, 8LS, EV 98.8 MPH)
|
|
Batting: RHB Jeff Jank
|
0-0: Fly out, F6 (Popup, 6M, EV 71.9 MPH)
|
|
Batting: RHB Drtian Thaqi
|
0-0: Ball 1-0: Ball 2-0: Foul Ball, location: 2F 2-1: DOUBLE (Line Drive, 7LS, EV 91.9 MPH)
|
|
Batting: SHB Jason Larson
|
0-0: Ball 1-0: Foul Ball, location: 2F 1-1: Fly out, F8 (Line Drive, 8RM, EV 98.8 MPH)
|
| Top of the 4th over - 0 runs, 1 hit, 0 errors, 1 left on base; New York 0 - San Diego 7 |
| BOTTOM OF THE 4TH |
|
San Diego Padres batting - Pitching for New York Mets : RHP Ben Dicks
|
|
Batting: SHB Terry Tuckfard
|
0-0: Ball 1-0: Fly out, F7 (Flyball, 7LM, EV 100.6 MPH)
|
|
Batting: RHB Hugo Bautista
|
0-0: Fly out, F8 (Line Drive, 8RM, EV 91.9 MPH)
|
|
Batting: RHB C.J. Beavers
|
0-0: Ball 1-0: Ball 2-0: Ball 3-0: Base on Balls
|
|
Batting: LHB James McCauley
|
0-0: Called Strike 0-1: Fly out, F4 (Popup, 34, EV 78.1 MPH)
|
| Bottom of the 4th over - 0 runs, 0 hits, 0 errors, 1 left on base; New York 0 - San Diego 7 |
| TOP OF THE 5TH |
|
New York Mets batting - Pitching for San Diego Padres : LHP Matt Wheeler
|
|
Batting: RHB Josh Jones
|
0-0: Foul Ball, location: 2F 0-1: Ball 1-1: Ball 2-1: Ball 3-1: Called Strike 3-2: Foul Ball, location: 2F 3-2: SINGLE (Line Drive, 8LS, EV 100.6 MPH)
|
|
Batting: SHB Billy Encinias
|
0-0: Called Strike 0-1: Ball 1-1: Fielders Choice at 2nd, 6-4 (Groundball, 6, EV 83.1 MPH)
|
|
Batting: RHB Finn Ross
|
0-0: Called Strike 0-1: SINGLE (Groundball, 56D, EV 100.0 MPH) (infield hit) Billy Encinias to second
|
|
Batting: LHB Kevin Bellman
|
0-0: Swinging Strike 0-1: Foul Ball, location: 2F 0-2: Fly out, F9 (Flyball, 9LM, EV 76.2 MPH) Runner from 2nd tags up, SAFE at 3rd, no throw by RF
|
|
Batting: RHB Antonio Aranda
|
0-0: Ball 1-0: Swinging Strike 1-1: Foul Ball, location: 2F 1-2: Strikes out swinging
|
| Top of the 5th over - 0 runs, 2 hits, 0 errors, 2 left on base; New York 0 - San Diego 7 |
| BOTTOM OF THE 5TH |
|
San Diego Padres batting - Pitching for New York Mets : RHP Ben Dicks
|
|
Batting: RHB Luis Romero
|
0-0: Ground out 6-3 (Groundball, 6, EV 86.9 MPH)
|
|
Batting: RHB Jared Speck
|
0-0: Called Strike 0-1: Foul Ball, location: 2F 0-2: Strikes out swinging
|
|
Batting: RHB Travis Robinson
|
0-0: Ball 1-0: Called Strike 1-1: Ball 2-1: Ball 3-1: Fly out, F9 (Flyball, 9LS, EV 83.8 MPH)
|
| Bottom of the 5th over - 0 runs, 0 hits, 0 errors, 0 left on base; New York 0 - San Diego 7 |
| TOP OF THE 6TH |
|
New York Mets batting - Pitching for San Diego Padres : LHP Matt Wheeler
|
|
Batting: SHB Sean Cook
|
0-0: Called Strike 0-1: Fly out, F3 (Popup, 3F, EV 75.6 MPH)
|
|
Batting: RHB Jeff Jank
|
0-0: Foul Ball, location: 2F 0-1: SOLO HOME RUN (Flyball, 7D, EV 101.9 MPH), Distance : 401 ft
|
|
Batting: RHB Drtian Thaqi
|
0-0: Ball 1-0: Swinging Strike 1-1: Ball 2-1: Swinging Strike 2-2: Foul Ball, location: 2F 2-2: Strikes out swinging
|
|
Batting: SHB Jason Larson
|
0-0: Fly out, F3 (Popup, 23F, EV 76.9 MPH)
|
| Top of the 6th over - 1 run, 1 hit, 0 errors, 0 left on base; New York 1 - San Diego 7 |
| BOTTOM OF THE 6TH |
|
San Diego Padres batting - Pitching for New York Mets : RHP Ben Dicks
|
|
Batting: RHB Hildo Pot
|
0-0: Ball 1-0: Ball 2-0: Ball 3-0: Base on Balls
|
|
Pitching: RHP Marc Maniu
|
|
|
Batting: SHB Phil Zacharia
|
0-0: Called Strike 0-1: Swinging Strike 0-2: Ball 1-2: Foul Ball, location: 2F 1-2: TRIPLE (Flyball, 78XD, EV 105.0 MPH) Hildo Pot scores
|
|
Batting: SHB Terry Tuckfard
|
0-0: Ball 1-0: Ball 2-0: Ball Wild Pitch! Phil Zacharia scores 3-0: Called Strike 3-1: Foul Ball, location: 2F 3-2: Strikes out looking
|
|
Batting: RHB Hugo Bautista
|
0-0: Foul Ball, location: 2F 0-1: Ball 1-1: SINGLE (Flyball, 89S, EV 93.1 MPH)
|
|
Batting: RHB C.J. Beavers
|
0-0: Ball 1-0: Ball 2-0: Ball 3-0: Base on Balls Hugo Bautista to second
|
|
Batting: LHB James McCauley
|
0-0: Ball 1-0: SINGLE (Line Drive, 8LS, EV 100.0 MPH) Hugo Bautista to third C.J. Beavers to second Runner from 3rd tries for Home, SAFE, throw by CF to home
|
|
Batting: RHB Luis Romero
|
0-0: SINGLE (Line Drive, 34, EV 95.6 MPH) C.J. Beavers to third James McCauley to second
|
|
Batting: RHB Jared Speck
|
0-0: Ball 1-0: SINGLE (Groundball, 6S, EV 65.0 MPH) (infield hit) C.J. Beavers scores James McCauley to third Luis Romero to second
|
|
Batting: RHB Travis Robinson
|
0-0: Foul Ball, location: 2F 0-1: Swinging Strike 0-2: Strikes out looking
|
|
Batting: RHB Hildo Pot
|
0-0: Ball 1-0: Called Strike 1-1: Ball 2-1: GRAND SLAM HOME RUN (Flyball, 89XD, EV 110.0 MPH), Distance : 425 ft
|
|
Pitching: LHP Steve Kelly
|
|
|
Batting: SHB Phil Zacharia
|
0-0: Ball 1-0: Ball 2-0: Ball 3-0: Base on Balls
|
|
Batting: SHB Terry Tuckfard
|
0-0: Called Strike 0-1: Ball 1-1: Ball 2-1: Ball 3-1: SINGLE (Line Drive, 7LS, EV 108.8 MPH) Phil Zacharia to second
|
|
Batting: RHB Hugo Bautista
|
0-0: Ball 1-0: Ball 2-0: Called Strike 2-1: Ball 3-1: Foul Ball, location: 2F 3-2: Base on Balls Phil Zacharia to third Terry Tuckfard to second
|
|
Batting: RHB C.J. Beavers
|
0-0: Ball 1-0: Ball 2-0: SINGLE (Line Drive, 6D, EV 97.5 MPH) Phil Zacharia scores Terry Tuckfard to third Hugo Bautista to second
|
|
Batting: LHB James McCauley
|
0-0: Called Strike 0-1: Swinging Strike 0-2: Foul Ball, location: 2F 0-2: Ball 1-2: Foul Ball, location: 2F 1-2: Strikes out swinging
|
| Bottom of the 6th over - 9 runs, 8 hits, 0 errors, 3 left on base; New York 1 - San Diego 16 |
| TOP OF THE 7TH |
|
New York Mets batting - Pitching for San Diego Padres : LHP Matt Wheeler
|
|
Batting: RHB Josh Jones
|
0-0: Ball 1-0: Called Strike 1-1: SINGLE (Groundball, 56D, EV 96.2 MPH)
|
|
Batting: SHB Billy Encinias
|
0-0: Called Strike 0-1: Ball 1-1: SINGLE (Groundball, 56S, EV 66.2 MPH) (infield hit) Josh Jones to second
|
|
Batting: RHB Finn Ross
|
0-0: Fielders Choice at 2nd, 3-6 (Groundball, 34, EV 86.9 MPH) Josh Jones to third
|
|
Batting: LHB Kevin Bellman
|
0-0: Called Strike Finn Ross steals 2nd base (no throw) 0-1: Called Strike 0-2: Ball 1-2: Foul Ball, location: 2F 1-2: Foul Ball, location: 2F 1-2: Ground out 6-3 (Groundball, 6, EV 92.5 MPH) Josh Jones scores Finn Ross to third
|
|
Batting: RHB Antonio Aranda
|
0-0: Ball 1-0: Called Strike 1-1: Called Strike Steal of home, Finn Ross is safe 1-2: Ball 2-2: Foul Ball, location: 2F 2-2: Ball 3-2: SOLO HOME RUN (Flyball, 7D, EV 96.9 MPH), Distance : 366 ft
|
|
Batting: SHB Sean Cook
|
0-0: Ball 1-0: Foul Ball, location: 2F 1-1: Called Strike 1-2: Ball 2-2: Ball 3-2: Foul Ball, location: 2F 3-2: Foul Ball, location: 2F 3-2: Foul Ball, location: 2F 3-2: Fly out, F9 (Flyball, 89M, EV 90.0 MPH)
|
| Top of the 7th over - 3 runs, 3 hits, 0 errors, 0 left on base; New York 4 - San Diego 16 |
| BOTTOM OF THE 7TH |
|
San Diego Padres batting - Pitching for New York Mets : LHP Steve Kelly
|
|
Batting: RHB Luis Romero
|
0-0: Ball 1-0: Ball 2-0: Ball 3-0: Called Strike 3-1: Base on Balls
|
|
Batting: RHB Jared Speck
|
0-0: Ball 1-0: Called Strike 1-1: Ball 2-1: Foul Ball, location: 2F 2-2: Foul Ball, location: 2F 2-2: Fly out, F7 (Flyball, 7D, EV 96.9 MPH)
|
|
Batting: RHB Travis Robinson
|
0-0: Ball 1-0: Ball 2-0: Called Strike 2-1: Swinging Strike 2-2: Foul Ball, location: 2F 2-2: Strikes out swinging
|
|
Batting: RHB Hildo Pot
|
0-0: Fielders Choice at 2nd, 5-4 (Groundball, 56, EV 105.0 MPH)
|
| Bottom of the 7th over - 0 runs, 0 hits, 0 errors, 1 left on base; New York 4 - San Diego 16 |
| TOP OF THE 8TH |
|
New York Mets batting - Pitching for San Diego Padres : LHP Matt Wheeler
|
|
Pitching: LHP Dae-Jung Cho
|
|
|
Batting: RHB Jeff Jank
|
0-0: Ball 1-0: Ball 2-0: Ball 3-0: Base on Balls
|
|
Batting: RHB Drtian Thaqi
|
0-0: Called Strike 0-1: Swinging Strike 0-2: Ball 1-2: Ball 2-2: Foul Ball, location: 2F 2-2: Foul Ball, location: 2F 2-2: DOUBLE (Groundball, 5L, EV 105.6 MPH) Jeff Jank to third Runner from 3rd tries for Home, SAFE, throw by LF to home
|
|
Batting: SHB Jason Larson
|
0-0: Called Strike 0-1: Foul Ball, location: 2F 0-2: Strikes out looking
|
|
Batting: RHB Josh Jones
|
0-0: Ball 1-0: Ball Wild Pitch! Drtian Thaqi to third 2-0: Foul Ball, location: 2F 2-1: SINGLE (Line Drive, 78S, EV 88.1 MPH) Drtian Thaqi scores
|
|
Batting: SHB Billy Encinias
|
0-0: Called Strike 0-1: Foul Ball, location: 2F 0-2: Strikes out swinging
|
|
Batting: RHB Finn Ross
|
0-0: Swinging Strike 0-1: Ball 1-1: Called Strike 1-2: Foul Ball, location: 2F 1-2: Ball 2-2: Foul Ball, location: 2F 2-2: Ground out U3 (Groundball, 34S, EV 85.0 MPH)
|
| Top of the 8th over - 2 runs, 2 hits, 0 errors, 1 left on base; New York 6 - San Diego 16 |
| BOTTOM OF THE 8TH |
|
San Diego Padres batting - Pitching for New York Mets : LHP Steve Kelly
|
|
Batting: RHB Luis Torres
|
0-0: Called Strike 0-1: Ball 1-1: Called Strike 1-2: Ball 2-2: Foul Ball, location: 2F 2-2: Ball 3-2: Foul Ball, location: 2F 3-2: Foul Ball, location: 2F 3-2: Base on Balls
|
|
Pitching: RHP Justin Overlie
|
|
|
Batting: SHB Terry Tuckfard
|
0-0: Called Strike 0-1: Swinging Strike 0-2: Ball 1-2: Ball 2-2: Foul Ball, location: 2F 2-2: Ball 3-2: Base on Balls Luis Torres to second
|
|
Batting: RHB Hugo Bautista
|
0-0: Called Strike 0-1: Swinging Strike 0-2: Foul Ball, location: 2F 0-2: Strikes out swinging
|
|
Batting: RHB C.J. Beavers
|
0-0: Swinging Strike 0-1: SINGLE (Line Drive, 8LS, EV 112.5 MPH) Luis Torres to third Terry Tuckfard to second Runner from 3rd tries for Home, SAFE, throw by CF to home
|
|
Batting: LHB James McCauley
|
0-0: Grounds into double play, 4-6-3 (Groundball, 4, EV 98.1 MPH)
|
| Bottom of the 8th over - 1 run, 1 hit, 0 errors, 1 left on base; New York 6 - San Diego 17 |
| TOP OF THE 9TH |
|
New York Mets batting - Pitching for San Diego Padres : LHP Dae-Jung Cho
|
|
Batting: LHB Kevin Bellman
|
0-0: Called Strike 0-1: Ball 1-1: Ball 2-1: Swinging Strike 2-2: Ball 3-2: Base on Balls
|
|
Batting: RHB Antonio Aranda
|
0-0: Fielders Choice at 2nd, 6-4 (Groundball, 6, EV 102.5 MPH)
|
|
Batting: SHB Sean Cook
|
0-0: Swinging Strike 0-1: Called Strike 0-2: Ball 1-2: Ball 2-2: Ball 3-2: Base on Balls Antonio Aranda to second
|
|
Batting: RHB Jeff Jank
|
0-0: Ball 1-0: Ball 2-0: Called Strike 2-1: Ball 3-1: Foul Ball, location: 2F 3-2: Strikes out swinging
|
|
Batting: RHB Drtian Thaqi
|
0-0: Called Strike 0-1: Called Strike 0-2: Ball 1-2: Ball 2-2: Ball 3-2: Base on Balls Antonio Aranda to third Sean Cook to second
|
|
Pitching: RHP Arturo Diaz
|
|
|
Batting: SHB Jason Larson
|
0-0: Ball 1-0: Foul Ball, location: 2F 1-1: Ground out 4-3 (Groundball, 4, EV 83.1 MPH)
|
| Top of the 9th over - 0 runs, 0 hits, 0 errors, 3 left on base; New York 6 - San Diego 17 |
|